 Dungeon Crawl Stone Soup version 0.18.1-48-g4cf74bf (webtiles) character file.

36728 tyranidshit the Fighter (level 13, -2/113 HPs)
             Began as a Demonspawn Abyssal Knight on Sept 8, 2016.
             Was the Champion of Lugonu.
             Killed from afar by an oklob plant (6 damage)
             ... with a splash of acid
             ... on level 7 of the Lair of Beasts.
             The game lasted 01:29:45 (15162 turns).

tyranidshit the Fighter (DsAK)                     Turns: 15162, Time: 01:29:46

Health: -2/113     AC:  8    Str: 28    XL:     13   Next: 54%
Magic:  0/20       EV: 18    Int: 12    God:    Lugonu [******]
Gold:   767        SH: 12    Dex: 21    Spells: 0 memorised, 12 levels left

rFire  + + .     SeeInvis .     O - +10 falchion of Summer {freeze, rElec Int-2 Dex+3}
rCold  + + .     Gourm    .     e - +1 chain mail "Kajuoczo" {rPois rF+ Regen+ Str+2}
rNeg   . . .     Faith    .     o - +0 shield
rPois  +         Spirit   +     (helmet restricted)
rElec  +         Dismiss  .     t - +2 cloak
rCorr  .         Reflect  .     (gloves unavailable)
SustAt .         Harm     +     J - +0 pair of boots
MR     .....                    y - amulet of Pinik {Harm *Drain *Confuse rC+ Str+7}
Stlth  ++........               T - ring of protection from cold
                                L - +2 ring of strength

@: agile, corroded, not resistant to hostile enchantments, unstealthy
A: claws 3, hooves 1, horns 1, demonic guardian 1, fire resistance 1, wild magic
1, magic shield, magic regeneration
a: Depart the Abyss, Bend Space, Banish, Corrupt, Enter the Abyss, Brand Weapon
With Distortion, Renounce Religion


You were on level 7 of the Lair of Beasts.
You worshipped Lugonu.
Lugonu was exalted by your worship.
You were not hungry.

You visited 2 branches of the dungeon, and saw 17 of its levels.
You visited the Abyss 1 time.
You also visited: Ossuary and Ice Cave.

You collected 1140 gold pieces.
You spent 373 gold pieces at shops.

Inventory:

Hand Weapons
 a - a +1 hand axe
 u - a +2 whip of flaming
 O - the +10 falchion of Summer (weapon) {freeze, rElec Int-2 Dex+3}
   (You found it on level 3 of the Lair of Beasts)

   It has been specially enchanted to freeze those struck by it, causing extra
   injury to most foes and up to half again as much damage against particularly
   susceptible opponents.
   It can also slow down cold-blooded creatures.
   It affects your intelligence (-2).
   It affects your dexterity (+3).
   It insulates you from electricity.
Armour
 e - the +1 chain mail "Kajuoczo" (worn) {rPois rF+ Regen+ Str+2}
   (You found it on level 2 of the Abyss)

   It affects your strength (+2).
   It protects you from fire.
   It protects you from poison.
   It increases your rate of regeneration.
 j - the +1 leather armour of Magic {rC+}
   (You found it on level 7 of the Lair of Beasts)

   It protects you from cold.
 o - a +0 shield (worn)
 p - the +0 leather armour of Purpose {rPois Int+7 Dex+3}
   (You found it on level 7 of the Lair of Beasts)

   It affects your intelligence (+7).
   It affects your dexterity (+3).
   It protects you from poison.
 t - a +2 cloak (worn)
 J - a +0 pair of boots (worn)
Jewellery
 y - the amulet of Pinik (around neck) {Harm *Drain *Confuse rC+ Str+7}
   (You found it on level 8 of the Dungeon)

   [amulet of harm]

   It increases damage dealt and taken.
   It affects your strength (+7).
   It protects you from cold.
   It may confuse you when you take damage.
 K - an uncursed amulet of rage
 L - a +2 ring of strength (left claw)
 Q - an uncursed ring of positive energy
 T - a ring of protection from cold (right claw)
 V - an uncursed ring of flight
Wands
 s - a wand of iceblast (7/15)
 w - a wand of paralysis (0/24)
 C - a wand of iceblast (7/15)
 D - a wand of iceblast (12/15)
 E - a wand of iceblast (6/15)
 P - a wand of iceblast (10/15)
 R - a wand of iceblast (5/15)
 S - a wand of disintegration (8/24)
 U - a wand of polymorph (14/24)
Scrolls
 d - 6 scrolls of remove curse
 f - 5 scrolls of identify
 h - 4 scrolls of amnesia
 i - 7 scrolls of enchant weapon
 l - a scroll of noise
 x - 3 scrolls of fog
 H - a scroll of recharging
Potions
 c - 3 potions of cancellation
 m - 3 potions of curing
 n - a potion of agility
 q - a potion of flight
 r - 4 potions of cure mutation
 A - 6 potions of brilliance
 N - a potion of resistance
Miscellaneous
 g - a plain deck of summoning
Comestibles
 k - 16 fruits
 v - 6 bread rations
 z - 9 meat rations
 B - 2 royal jellies
 F - 4 beef jerkies
 M - 2 slices of pizza


   Skills:
 + Level 14.0 Fighting
 - Level 1.6 Long Blades
 - Level 7.8 Axes
 - Level 8.1 Armour
 - Level 7.4 Dodging
 - Level 5.4 Stealth
 - Level 7.4 Shields
 - Level 10.2 Invocations


You had 12 spell levels left.
You didn't know any spells.

Dungeon Overview and Level Annotations

Branches:
Dungeon (9/15)             Temple (0/1) D:5            Lair (8/8) D:9
  Swamp (0/4) Lair:5       Spider (0/4) Lair:3        Slime (0/6) Lair:7
    Orc: D:9-12

Altars:
Dithmenos
Elyvilon
Fedhas
Gozag
Makhleb
Nemelex Xobeh
Pakellas
Qazlal
Ru
Sif Muna
Trog
Vehumet
Xom
Yredelemnul
Zin

Shops:
D:5 ([([   D:8 [   D:9 }

Annotations:
D:4 Duvessa; HEYYEYAAE's ghost, amateur DgGl
D:6 HEYYEYAAE's ghost, novice DgGl
Lair:7 exclusion: oklob plant


Innate Abilities, Weirdness & Mutations

You have claws for hands.
You have large cloven feet.
You have a pair of small horns on your head.
A weak demonic guardian rushes to your aid.
When hurt, damage is shared between your health and your magic reserves.
You regenerate magic rapidly.
Your flesh is heat resistant.
Your spells are a little harder to cast, but a little more powerful.


Message History

There is a stone staircase leading down, spattered with blood here.
Things that are here:
a river rat skeleton x3
Unknown command.
The oklob plant spits acid at you. The splash of acid hits you!
The acid corrodes you!
The acid burns!
* * * LOW HITPOINT WARNING * * *
There is a stone staircase leading down, spattered with blood here.
Drink which item? (? for menu, Esc to quit)
Okay, then.
Space bends around you!
You blink.
You feel slightly more hungry.
You see here a river rat corpse.
The oklob plant spits acid at you. The splash of acid hits you!
* * * LOW HITPOINT WARNING * * *
The acid corrodes you!
The acid burns!
* * * LOW HITPOINT WARNING * * *
The oklob plant spits acid at you. The splash of acid hits you!
You die...

##.##... ###...P..^
##### #.##.PP... #>>>#
##...P....
#####÷÷†#####........#
#P≈≈.....≈≈P#....#####
#P≈.......≈P#.P#.#*
#P≈.......≈P#####.#*
#P≈..@....≈P# *#.#
#P≈.......≈P# *##
#P≈≈.....≈≈P#
######+###### *****
**,,* *,,,** ***,,,**
*,,,,***,,,,,,* *
*,,,,,*,,,,,*** ****
*,,,,,,,,,,,* ******
*,,,


You could see an oklob plant.

Vanquished Creatures
  Josephine (Lair:4)
  4 hydras
  A catoblepas (Lair:3)
  3 lindwurms (Lair:7)
  A necromancer (IceCv)
  A griffon (Lair:7)
  2 elephants (Lair:8)
  4 black mambas
  A torpor snail (Lair:7)
  9 spiny frogs
  An ice statue (IceCv)
  10 freezing wraiths (IceCv)
  5 komodo dragons
  A polar bear (Lair:8)
  A jumping spider (Lair:3)
  A two-headed ogre (D:8)
  12 blink frogs
  2 boulder beetles
  Sigmund (D:3)
  3 redbacks
  3 wraiths (Lair:4)
  A wyvern (D:9)
  17 yaks
  A human (D:7)
  11 hippogriffs
  A basilisk (Lair:8)
  6 swamp worms (Lair:5)
  13 water moccasins
  9 porcupines
  A black bear (D:6)
  3 sky beasts
  10 ice beasts
  An orc warrior (D:8)
  A phantom (D:9)
  An ogre (D:9)
  2 centaurs
  12 wolves
  12 crocodiles
  An elf zombie (Ossuary)
  3 big kobolds
  11 giant frogs
  3 scorpions
  A swamp dragon simulacrum (IceCv)
  Dowan (D:4)
  5 wights (D:8)
  An elephant simulacrum (IceCv)
  6 killer bees (D:9)
  A howler monkey (D:4)
  A crimson imp (D:5)
  2 centaur zombies
  2 hounds
  5 draconian simulacra (IceCv)
  A human zombie (Ossuary)
  2 jellies
  4 orc wizards
  2 giant frog skeletons
  A gnoll shaman (D:7)
  5 orc priests
  7 iguanas
  Jessica (D:2)
  Natasha (twice) (D:2)
  2 polar bear simulacra (IceCv)
  11 hell rats
  4 worker ants
  A spriggan simulacrum (IceCv)
  5 troll simulacra (IceCv)
  15 sheep
  4 centaur simulacra (IceCv)
  A hound zombie (D:5)
  A hound skeleton (D:4)
  2 mummies (Ossuary)
  11 gnolls
  6 adders
  2 naga simulacra (IceCv)
  3 ogre simulacra (IceCv)
  98 river rats
  A shadow imp (D:7)
  10 white imps (IceCv)
  2 oozes
  An adder zombie (D:9)
  An adder skeleton (D:7)
  A worm (D:2)
  2 dart slugs
  3 giant geckos
  37 orcs
  5 goblins
  8 hobgoblins
  10 jackals
  26 kobolds
  4 quokkas
  A ball python (D:4)
  4 bats
  A giant gecko skeleton (D:7)
  8 giant newts
  2 goblin zombies (Ossuary)
  7 hobgoblin zombies (Ossuary)
  4 jackal zombies (Ossuary)
  10 kobold zombies (Ossuary)
  9 orc zombies (Ossuary)
  A quokka skeleton (D:5)
  11 rats
  2 rat zombies (Ossuary)
  A spectral orc (D:2)
  A fungus (Lair:8)
576 creatures vanquished.

Vanquished Creatures (collateral kills)
  Pikel (D:5)
  An elephant (Lair:8)
  A spiny frog (Lair:6)
  A jumping spider (Lair:3)
  4 blink frogs
  A wraith (Lair:4)
  2 yaks (Lair:8)
  2 porcupines (Lair:1)
  A slave (D:5)
  A centaur (D:6)
  2 giant frogs
  2 crimson imps
  An orc wizard (D:6)
  2 hounds
  A worker ant zombie (D:6)
  2 river rats
  2 white imps (IceCv)
  A jackal (D:6)
  A rat (D:6)
29 creatures vanquished.

Vanquished Creatures (others)
  Erolcha (D:8)
  A lindwurm (Lair:7)
  A boulder beetle (Lair:8)
  2 river rats (Lair:8)
  10 fungi
  9 plants
24 creatures vanquished.

Grand Total: 629 creatures vanquished

Notes
Turn   | Place    | Note
--------------------------------------------------------------
     0 | Abyss:1  | tyranidshit the Demonspawn Abyssal Knight began the quest for the Orb.
     0 | Abyss:1  | Reached XP level 1. HP: 18/18 MP: 2/2
    81 | Abyss:2  | Got a jewelled chain mail
    82 | D:1      | Escaped the Abyss
    93 | D:1      | Identified the cursed +1 chain mail "Kajuoczo" {rPois rF+ Regen+ Str+2} (You found it on level 2 of the Abyss)
   200 | D:1      | Reached * piety under Lugonu
   276 | D:1      | Gained mutation: You have a pair of small horns on your head. [demonic ancestry]
   276 | D:1      | Reached XP level 2. HP: 24/24 MP: 3/3
   693 | D:1      | Reached skill level 4 in Fighting
   837 | D:1      | Reached XP level 3. HP: 30/30 MP: 4/4
  1065 | D:2      | Reached ** piety under Lugonu
  1194 | D:2      | Gained mutation: When hurt, damage is shared between your health and your magic reserves. [demonic ancestry]
  1194 | D:2      | Reached XP level 4. HP: 32/38 MP: 5/5
  1195 | D:2      | Reached skill level 5 in Fighting
  1233 | D:2      | Found an oddly glowing altar of Pakellas.
  1332 | D:2      | Found a basalt altar of Yredelemnul.
  1489 | D:2      | Noticed Jessica
  1514 | D:2      | Killed Jessica
  1628 | D:2      | Noticed Natasha
  1638 | D:2      | Killed Natasha
  1638 | D:2      | Gained mutation: You have sharp fingernails. [demonic ancestry]
  1638 | D:2      | Reached XP level 5. HP: 30/46 MP: 2/6
  1644 | D:2      | Noticed Natasha
  1647 | D:2      | Killed Natasha
  1647 | D:2      | Reached skill level 6 in Fighting
  1809 | D:3      | Noticed Sigmund
  1866 | D:3      | Killed Sigmund
  1866 | D:3      | Reached skill level 7 in Fighting
  1866 | D:3      | Gained mutation: You regenerate magic rapidly. [demonic ancestry]
  1866 | D:3      | Reached XP level 6. HP: 39/55 MP: 5/7
  1985 | D:3      | Reached *** piety under Lugonu
  2290 | D:3      | Found a sacrificial altar of Ru.
  2311 | D:3      | Found a shimmering altar of Xom.
  2314 | D:3      | Found a radiant altar of Vehumet.
  2344 | D:3      | Found a blossoming altar of Fedhas.
  2594 | D:4      | Reached skill level 8 in Fighting
  2594 | D:4      | Gained mutation: A weak demonic guardian rushes to your aid. [demonic ancestry]
  2594 | D:4      | Reached XP level 7. HP: 33/62 MP: 6/8
  2965 | D:4      | Noticed Duvessa
  2967 | D:4      | Noticed Dowan
  3061 | D:5      | Entered Level 5 of the Dungeon
  3067 | D:5      | Noticed Pikel
  3164 | D:4      | Noticed HEYYEYAAE's ghost (amateur DgGl)
  3235 | D:4      | Killed Dowan
  3237 | D:4      | Got a slimy leather armour
  3238 | D:4      | Identified the cursed +1 leather armour "Nudotsu" {rPois rC+} (You took it off Dowan on level 4 of the Dungeon)
  3242 | D:4      | Gained mutation: Your flesh is heat resistant. [potion of beneficial mutation]
  3361 | D:5      | Found a sparkling altar of Nemelex Xobeh.
  3403 | D:5      | Found a staircase to the Ecumenical Temple.
  3569 | D:5      | Reached skill level 9 in Fighting
  3576 | D:5      | Found a white marble altar of Elyvilon.
  3636 | D:5      | Found an opulent altar of Gozag.
  3654 | D:5      | Found Ruongaes's Antique Armour Boutique.
  3727 | D:5      | Found Covupsuo's Weapon Shoppe.
  3814 | D:5      | Found Issuwyck's Weapon Emporium.
  3881 | D:5      | Found Kazxelih's Antique Armour Shop.
  3901 | D:5      | Bought a pair of glowing gloves for 126 gold pieces
  4097 | D:5      | Reached **** piety under Lugonu
  4203 | D:5      | Killed Pikel
  4203 | D:5      | Reached skill level 10 in Fighting
  4203 | D:5      | Reached XP level 8. HP: 49/73 MP: 9/9
  4321 | D:6      | Found a shadowy altar of Dithmenos.
  4329 | D:6      | Noticed HEYYEYAAE's ghost (novice DgGl)
  4457 | D:6      | Reached skill level 11 in Fighting
  4461 | D:6      | Reached skill level 1 in Dodging
  4523 | D:6      | Reached skill level 1 in Shields
  4767 | D:6      | Reached XP level 9. HP: 75/81 MP: 8/10
  4822 | D:5      | Bought a fine chain mail for 247 gold pieces
  4832 | D:5      | Identified the cursed +1 chain mail of Owetumum {*Drain Str+6} (You bought it in a shop on level 5 of the Dungeon)
  4889 | D:6      | Found a bloodstained altar of Trog.
  4940 | D:7      | Got a wizard robe
  4972 | D:7      | Reached ***** piety under Lugonu
  5506 | D:7      | Found a deep blue altar of Sif Muna.
  5689 | D:8      | Noticed Erolcha
  5705 | D:8      | Killed Erolcha
  5760 | D:8      | Got a heavily runed ruby amulet
  5766 | D:8      | Identified the amulet of Pinik {Harm *Drain *Confuse rC+ Str+7} (You found it on level 8 of the Dungeon)
  5796 | D:8      | Found a sand-covered staircase.
  5817 | D:8      | Found Memutaw's Antique Armour Shoppe.
  5831 | Ossuary  | Entered an ossuary
  6161 | D:8      | Found a shimmering altar of Xom.
  6169 | D:8      | Found a glowing silver altar of Zin.
  6488 | D:8      | Gained mutation: You have very sharp fingernails. [demonic ancestry]
  6488 | D:8      | Reached XP level 10. HP: 42/87 MP: 6/11
  6606 | D:8      | Reached skill level 5 in Axes
  6671 | D:8      | Reached skill level 5 in Armour
  6832 | D:9      | Found Ofutaso's Gadget Shop.
  6941 | D:9      | Gained mutation: Your spells are a little harder to cast, but a little more powerful. [potion of mutation]
  6941 | D:9      | Gained mutation: You have sharp toenails. [potion of mutation]
  7022 | D:9      | Found a stormy altar of Qazlal.
  7128 | D:9      | Reached ****** piety under Lugonu
  7146 | D:9      | Reached skill level 5 in Shields
  7225 | D:9      | Found a staircase to the Lair.
  7598 | Lair:1   | Entered Level 1 of the Lair of Beasts
  7710 | Lair:1   | Reached skill level 5 in Dodging
  7724 | D:9      | Identified the +1 robe "Homirpha" {Str+3 Slay+2} (You found it on level 7 of the Dungeon)
  7791 | Lair:1   | Noticed a spiny frog
  7818 | Lair:1   | Killed a spiny frog
  8095 | Lair:1   | Noticed a spiny frog
  8104 | Lair:1   | Killed a spiny frog
  8171 | Lair:1   | Noticed a spiny frog
  8179 | Lair:1   | Killed a spiny frog
  8183 | Lair:1   | Noticed a five-headed hydra
  8211 | Lair:1   | Killed a five-headed hydra
  8211 | Lair:1   | Gained mutation: You have claws for hands. [demonic ancestry]
  8211 | Lair:1   | Reached XP level 11. HP: 23/93 MP: 4/12
  8275 | Lair:1   | Found a burning altar of Makhleb.
  9793 | Lair:3   | Noticed a five-headed hydra
  9804 | Lair:3   | Killed a five-headed hydra
 10044 | Lair:3   | Found a hole to the Spider Nest.
 10246 | Lair:3   | Got a transparent falchion
 10247 | Lair:3   | Identified the +10 falchion of Summer {freeze, rElec Int-2 Dex+3} (You found it on level 3 of the Lair of Beasts)
 10716 | Lair:4   | Reached skill level 1 in Stealth
 10766 | Lair:4   | Noticed a catoblepas
 10792 | Lair:4   | Reached skill level 1 in Long Blades
 10792 | Lair:4   | Reached XP level 12. HP: 65/100 MP: 7/13
 10842 | Lair:3   | Killed a catoblepas
 11373 | Lair:4   | Noticed Josephine
 11450 | Lair:4   | Killed Josephine
 11731 | Lair:5   | Noticed a six-headed hydra
 11754 | Lair:5   | Killed a six-headed hydra
 11754 | Lair:5   | Reached skill level 5 in Invocations
 12101 | Lair:5   | Found a staircase to the Swamp.
 12557 | Lair:5   | Got a brightly glowing robe
 12563 | Lair:5   | Identified the +2 robe of Gallantry {rC+} (You found it on level 5 of the Lair of Beasts)
 12716 | Lair:6   | Noticed a seven-headed hydra
 12880 | Lair:5   | Reached skill level 12 in Fighting
 13684 | Lair:7   | Got a shimmering leather armour
 13686 | Lair:7   | Got a warped leather armour
 13700 | Lair:7   | Identified the +1 leather armour of Magic {rC+} (You found it on level 7 of the Lair of Beasts)
 13701 | Lair:7   | Identified the +0 leather armour of Purpose {rPois Int+7 Dex+3} (You found it on level 7 of the Lair of Beasts)
 13715 | Lair:8   | Entered Level 8 of the Lair of Beasts
 13734 | Lair:7   | Lost mutation: You have sharp toenails. [demonic ancestry]
 13734 | Lair:7   | Gained mutation: You have large cloven feet. [demonic ancestry]
 13734 | Lair:7   | Reached XP level 13. HP: 97/109 MP: 18/20
 13823 | Lair:8   | Found a frozen archway.
 13832 | IceCv    | Entered an ice cave
 13870 | IceCv    | Reached skill level 10 in Invocations
 13975 | IceCv    | Reached skill level 13 in Fighting
 14186 | IceCv    | Found an ancient bone altar of Kikubaaqudgha.
 14463 | IceCv    | Reached skill level 5 in Stealth
 15113 | Lair:7   | Reached skill level 14 in Fighting
 15161 | Lair:7   | HP: 3/113 [acid (10)]
 15162 | Lair:7   | Killed from afar by an oklob plant

Skill      XL: |  1  2  3  4  5  6  7  8  9 10 11 12 13 |
---------------+----------------------------------------+-----
Fighting       | 4 5 7 8 10 11 12 14 | 14.0
Dodging        | 2 4 5 7 |  7.4
Armour         | 2 4 6 8 |  8.1
Axes           | 2 4 6 7 |  7.8
Shields        | 2 4 6 7 |  7.4
Stealth        | 1 3 5 |  5.4
Long Blades    | 1 |  1.6
Invocations    | 9 10 | 10.2

Action                   |  1- 3 |  4- 6 |  7- 9 | 10-12 | 13-15 || total
-------------------------+-------+-------+-------+-------+-------++-------
Melee: Hand axe          |   119 |   176 |   634 |   557 |       ||  1486
       Headbutt          |    12 |    28 |   163 |   271 |   107 ||   581
       Whip              |       |       |    15 |   147 |     5 ||   167
       Kick              |       |       |       |    49 |       ||    49
       Falchion          |       |       |       |   333 |   362 ||   695
Invok: Depart the Abyss  |     1 |       |       |       |       ||     1
       Bend Space        |       |       |       |     1 |     4 ||     5
       Banish            |       |       |       |     1 |     1 ||     2
Evoke: Wand              |       |       |     9 |    22 |     4 ||    35
  Use: Scroll            |     4 |     3 |    14 |    17 |     3 ||    41
       Potion            |     2 |     5 |     2 |    10 |     5 ||    24
 Stab: Distracted        |       |       |     2 |     3 |       ||     5
       Paralysed         |       |       |    11 |    28 |       ||    39
  Eat: Bread ration      |     1 |       |     2 |     3 |     2 ||     8
       Beef jerky        |       |     1 |     2 |     1 |       ||     4
       Pizza             |       |       |     1 |     7 |       ||     8
       Fruit             |       |       |       |     2 |       ||     2
Armor: Chain mail        |    69 |   107 |   431 |   531 |   240 ||  1378
Dodge: Dodged            |    42 |    23 |   142 |   529 |   260 ||   996
Block: Shield            |       |    62 |   277 |   799 |   297 ||  1435
